AoeStats
← stanny.v

MegaRandom

505705377Analyzed
3v3 RM · 23d ago on Sep 10, 2026· 43m 56s· 6 players
Game mode
Random Map
Map size
Normal (6 player)
Population
200
Speed
Normal
Resources
Standard
Victory
Conquest
Starting age
Dark Age
Ending age
Imperial Age
RankedLock teamsTeams togetherTeam positionsShared explorationLock speedFull tech treeHidden civsTurbo modeCheats
Victory
Defeat
🇮🇳 Hindustanis · India
856
+14
🇧🇪 Khmer · Belgium
855
+14
🇩🇪 Malians · Germany
798
+16
🇧🇪 Cumans · Belgium
839
-16
🇧🇪 Huns · Belgium
828
-16
🇧🇪 Japanese · Belgium
753
-12
kolb-alexander
14:39 Feudal Age
15:33 Double-Bit Axe
16:28 Horse Collar
20:35 Gold Mining
22:10 Scale Barding Armor
21:56 Fletching
22:17 Forging
22:15 Stone Mining
25:17 Castle Age
23:58 Scale Mail Armor
27:42 Gold Shaft Mining
27:37 Squires
28:31 Chain Barding Armor
28:47 Iron Casting
30:08 Bodkin Arrow
30:21 Husbandry
30:32 Bloodlines
31:14 Caravan
32:10 Chain Mail Armor
34:21 Bow Saw
35:16 Wheelbarrow
36:02 Ballistics
37:19 Heavy Plow
38:06 Murder Holes
41:51 Imperial Age
43:37 Farimba
43:01 Heavy Camel Rider
44:34 Conscription
Makaveli
0:27 Loom
12:03 Feudal Age
13:10 Double-Bit Axe
13:08 Horse Collar
16:21 Wheelbarrow
16:05 Fletching
17:51 Town Watch
25:14 Castle Age
24:31 Bloodlines
24:31 Scale Barding Armor
24:42 Forging
26:23 Chain Barding Armor
26:29 Husbandry
26:58 Bow Saw
33:00 Caravan
33:51 Guard Tower
33:59 Murder Holes
34:43 Bodkin Arrow
35:33 Ballistics
35:36 Fortified Wall
Boxster553
1:56 Loom
10:17 Feudal Age
11:48 Horse Collar
11:56 Double-Bit Axe
17:01 Castle Age
17:13 Forging
17:09 Scale Barding Armor
18:33 Wheelbarrow
17:43 Town Watch
19:35 Bloodlines
20:27 Husbandry
22:01 Iron Casting
23:11 Bow Saw
23:03 Light Cavalry
24:44 Chain Barding Armor
25:37 Hand Cart
28:02 Gold Mining
32:55 Fletching
37:10 Imperial Age
37:18 Heavy Camel Rider
39:35 Conscription
40:56 Imperial Camel Rider
41:59 Scale Mail Armor
43:43 Plate Barding Armor
45:02 Blast Furnace
Ernst paul
8:01 Loom
11:04 Feudal Age
14:09 Double-Bit Axe
18:58 Horse Collar
22:37 Stone Mining
27:34 Castle Age
27:35 Bloodlines
27:58 Forging
27:57 Scale Barding Armor
29:30 Wheelbarrow
28:38 Pikeman
33:10 Imperial Age
30:53 Heavy Plow
33:27 Cavalier
34:13 Murder Holes
35:26 Halberdier
40:08 Chemistry
42:25 Paladin
polleke profijt
0:52 Loom
10:54 Feudal Age
16:04 Horse Collar
16:21 Double-Bit Axe
19:44 Castle Age
19:09 Scale Barding Armor
19:16 Forging
25:19 Husbandry
25:30 Bloodlines
26:25 Husbandry
28:31 Chain Barding Armor
29:37 Iron Casting
stanny.v
15:08 Feudal Age
16:27 Wheelbarrow
15:43 Double-Bit Axe
15:43 Horse Collar
25:11 Man-at-Arms
28:40 Castle Age
28:11 Forging
28:02 Scale Mail Armor
33:19 Bow Saw
40:58 Hand Cart
Connection lost

Rejoining the realm…

Still unreachable

The connection could not be restored.

Session expired

The server has moved on; the page needs a fresh start.